Map: Prion Terraces

Players

nGsSeb - Winner!

  • Race: Protoss Protoss

Grumm

  • Race: Protoss Protoss
  • League: Gold

VOD

Have the link to the VOD?

Description

Time

  • Played on: Jan. 23, 2016, 12:54 a.m.
  • Length: 15:00
Show
View Real Time Build Order
Export as new Build Order

nGsSeb Protoss - Winner!

Build Orders: Dark Templar Rush 

Get SALT Encoding   

  12  0:01  Probe (Chrono Boost)  
  13  0:11  Probe (Chrono Boost)  
  14  0:17  Pylon  
  14  0:22  Probe (Chrono Boost)  
  15  0:36  Probe (Chrono Boost)  
  15  0:38  Gateway  
  16  0:46  Probe (Chrono Boost)  
  16  0:49  Assimilator  
  17  0:54  Assimilator  
  18  0:57  Probe (Chrono Boost)  
  18  1:04  Pylon  
  18  1:07  Probe (Chrono Boost)  
  19  1:18  Probe (Chrono Boost)  
  20  1:25  Cybernetics Core  
  20  1:28  Probe (Chrono Boost)  
  21  1:36  Pylon  
  21  1:40  Probe (Chrono Boost)  
  22  1:51  Probe (Chrono Boost)  
  23  2:02  Twilight Council  
  23  2:04  Warp Gate (Chrono Boost)  
  23  2:07  Mothership Core (Chrono Boost)  
  25  2:29  Robotics Facility  
  25  2:41  Gateway  
  25  2:53  Dark Shrine  
  25  3:00  Gateway  
  25  3:03  Gateway  
  25  3:15  Warp Prism (Chrono Boost)  
  27  3:22  Pylon  
  27  3:36  Forge  
  27  4:13  Dark Templar x3  
  27  4:16  Photon Cannon  
  33  4:30  Dark Templar  
  34  4:56  Dark Templar  
  36  5:11  Observer  
  37  5:19  Nexus  
  37  5:33  Probe  
  38  5:37  Pylon x2  
  38  5:40  Assimilator  
  38  5:44  Assimilator  
  36  6:20  Immortal (Chrono Boost)  
  36  6:21  Probe  
  41  6:26  Protoss Ground Weapons Level 1  
  41  6:30  Probe  
  42  6:33  Probe  
  42  6:34  Blink (Chrono Boost)  
  43  6:42  Probe  
  43  6:44  Stalker  
  43  6:45  Probe, Stalker x2  
  51  6:48  Stalker  
  53  6:54  Probe  
  53  6:57  Probe  
  55  7:06  Probe  
  54  7:10  Probe  
  54  7:12  Immortal  
  55  7:18  Probe  
  55  7:22  Probe  
  61  7:30  Probe  
  61  7:34  Probe  
  63  7:37  Pylon  
  63  7:40  Pylon  
  63  7:42  Probe  
  64  7:46  Probe  
  65  7:54  Probe  
  65  7:58  Probe  
  63  8:03  Stalker x3  
  69  8:07  Probe  
  70  8:14  Stalker  
  72  8:20  Protoss Ground Armor Level 1  
  72  8:29  Probe x2  
  72  8:30  Stalker  
  72  8:31  Stalker  
  78  8:38  Immortal  
  78  8:45  Stalker  
  84  8:57  Stalker  
  64  9:19  Stalker x3  
  60  9:33  Observer  
  55  9:58  Gateway  
  55  9:59  Stalker  
  57  10:00  Gateway, Stalker x2  
  57  10:02  Gateway  
  61  10:13  Nexus, Immortal  
  61  10:16  Assimilator  
  61  10:17  Probe x2  
  61  10:19  Assimilator  
  66  10:24  Stalker  
  66  10:29  Probe x2  
  66  10:32  Templar Archives  
  66  10:35  Protoss Ground Weapons Level 2 (Chrono Boost)  
  68  10:45  Probe x2  
  70  10:52  Adept x2  
  72  10:57  Probe  
  72  11:01  Probe  
  74  11:09  Probe, Immortal  
  71  11:14  Probe  
  76  11:24  Probe  
  77  11:25  High Templar  
  77  11:26  High Templar x5, Probe  
  77  11:27  High Templar  
  77  11:30  Archon x3  
  92  11:33  Probe  
  92  11:36  Probe  
  92  11:38  Probe  
  92  11:39  Pylon  
  95  11:41  Pylon  
  95  11:46  Pylon  
  95  11:49  Probe  
  96  12:00  Stalker x2  
  96  12:01  Stalker x2  
  102  12:02  Immortal  
  106  12:17  Pylon x2  
  106  12:19  High Templar x3  
  112  12:23  High Templar, Protoss Ground Weapons Level 3 (Chrono Boost)  
  112  12:25  Archon  
  112  12:27  Archon  
  114  12:32  Pylon, Probe  
  114  12:34  Pylon  
  114  12:36  Pylon  
  115  12:42  High Templar  
  117  12:45  Stalker  
  117  12:48  Archon  
  117  12:49  Stalker  
  121  13:02  Adept x3  
  121  13:04  Adept  
  121  13:05  Nexus  
  129  13:09  Assimilator  
  129  13:10  Assimilator  
  129  13:11  Resonating Glaives (Chrono Boost)  
  127  13:29  Immortal  
  127  13:30  Stalker x4  
  127  13:31  Stalker  
  135  13:46  Probe  
  136  13:51  Pylon  
  136  13:53  Pylon  
  136  13:55  Stalker x3  
  142  14:00  Pylon  
  142  14:21  Adept x4  
  100  14:58  Stalker  
  100  14:59  Stalker x4  
  110  15:00  Stalker  
Show
View Real Time Build Order
Export as new Build Order

Grumm Protoss 

Build Orders: Nexus First, Colossus Rush 

Get SALT Encoding   

  12  0:02  Probe (Chrono Boost)  
  13  0:16  Probe (Chrono Boost)  
  14  0:27  Pylon  
  14  0:28  Probe (Chrono Boost)  
  15  0:55  Nexus  
  15  1:08  Gateway  
  15  1:11  Probe (Chrono Boost)  
  16  1:20  Forge  
  16  1:24  Probe (Chrono Boost)  
  17  1:37  Pylon  
  17  1:38  Probe (Chrono Boost)  
  18  1:44  Assimilator  
  18  1:49  Probe (Chrono Boost)  
  19  1:58  Cybernetics Core  
  19  2:03  Probe (Chrono Boost)  
  20  2:10  Photon Cannon  
  20  2:13  Probe x2 (Chrono Boost)  
  22  2:23  Probe (Chrono Boost)  
  22  2:27  Probe (Chrono Boost)  
  22  2:28  Assimilator  
  24  2:34  Probe (Chrono Boost)  
  25  2:38  Probe (Chrono Boost)  
  26  2:46  Probe (Chrono Boost)  
  26  2:48  Assimilator, Probe (Chrono Boost)  
  28  2:57  Probe (Chrono Boost)  
  29  3:01  Robotics Facility  
  29  3:03  Probe (Chrono Boost)  
  30  3:07  Probe (Chrono Boost)  
  30  3:10  Pylon  
  31  3:13  Probe (Chrono Boost)  
  31  3:16  Warp Gate (Chrono Boost)  
  31  3:18  Probe  
  33  3:22  Probe  
  33  3:24  Stalker  
  36  3:30  Probe  
  37  3:36  Gateway, Probe  
  38  3:43  Mothership Core  
  38  3:47  Assimilator  
  40  4:01  Robotics Bay  
  40  4:04  Immortal  
  40  4:09  Probe  
  44  4:11  Probe  
  46  4:20  Pylon, Probe  
  46  4:23  Probe  
  48  4:24  Stargate  
  48  4:30  Probe  
  48  4:35  Probe  
  50  4:41  Probe  
  41  4:47  Probe  
  35  5:00  Pylon  
  35  5:01  Photon Cannon  
  33  5:09  Colossus (Chrono Boost)  
  38  5:17  Pylon  
  38  5:31  Pylon  
  38  5:35  Void Ray  
  38  5:37  Photon Cannon  
  42  5:45  Photon Cannon  
  42  5:55  Stalker  
  44  6:20  Observer (Chrono Boost)  
  44  6:21  Probe  
  44  6:24  Robotics Bay  
  46  6:30  Oracle, Gateway  
  49  7:06  Nexus  
  49  7:09  Pylon  
  49  7:17  Immortal (Chrono Boost)  
  53  7:30  Photon Cannon  
  53  7:33  Pylon  
  53  7:43  Probe  
  54  7:46  Protoss Ground Weapons Level 1  
  54  7:55  Probe  
  52  8:07  Void Ray  
  52  8:10  Zealot  
  52  8:11  Sentry  
  60  8:13  Observer (Chrono Boost)  
  61  8:34  Probe  
  61  8:35  Probe  
  61  8:38  Zealot x2  
  61  8:39  Zealot  
  69  8:47  Probe  
  38  9:46  Stalker  
  38  9:47  Stalker x2  
  38  9:48  Colossus (Chrono Boost), Probe  
  38  9:50  Probe  
  48  9:53  Stargate  
  48  9:56  Assimilator  
  48  9:59  Probe  
  46  10:01  Assimilator  
  46  10:02  Probe  
  46  10:05  Protoss Ground Armor Level 1  
  48  10:27  Void Ray  
  52  10:30  Probe  
  52  10:32  Probe  
  54  10:41  Probe  
  55  10:44  Probe  
  55  10:46  Stalker  
  55  10:47  Stalker x2  
  60  10:51  Probe  
  60  10:56  Probe  
  60  11:07  Void Ray  
  64  11:13  Probe, Immortal (Chrono Boost)  
  64  11:15  Probe  
  64  11:17  Photon Cannon  
  70  11:21  Stalker  
  70  11:22  Stalker x2  
  76  11:40  Nexus  
  76  11:45  Zealot  
  78  11:47  Stalker x2  
  82  12:00  Pylon  
  82  12:09  Zealot  
  82  12:10  Zealot  
  86  12:18  Probe  
  86  12:20  Probe  
  88  12:23  Pylon  
  88  12:24  Stalker  
  90  12:34  Photon Cannon  
  90  12:35  Mothership Core  
  92  12:42  Immortal (Chrono Boost)  
  96  12:48  Stalker  
  96  12:49  Photon Cannon  
  96  12:50  Sentry  
  100  12:51  Sentry  
  102  13:03  Pylon  
  102  13:09  Gateway  
  102  13:11  Gateway  
  102  13:13  Gateway  
  102  13:15  Pylon  
  99  13:20  Stalker  
  96  13:38  Void Ray  
  96  13:40  Void Ray  
  104  14:08  Probe  
  104  14:10  Probe  
  105  14:17  Nexus  
  105  14:19  Pylon  
  105  14:23  Immortal (Chrono Boost)  
  78  14:38  Stalker  
  78  14:40  Stalker x4  
Tags
 
Add a new tag
Caveats
  • Supply blocks, unpowered buildings, or Contaminate may cause inaccurate times.
  • Supply counts are checked every 10 seconds.